AoeStats
← 月喵喵

Nomad

508188731Analyzed
4v4 RM · 10d ago on Sep 21, 2026· 33m 28s· 8 players
Game mode
Random Map
Map size
231×231
Population
200
Speed
Normal
Resources
Standard
Victory
Conquest
Starting age
Dark Age
Ending age
Imperial Age
RankedLock teamsTeams togetherTeam positionsShared explorationLock speedFull tech treeHidden civsTurbo modeCheats
Victory
Defeat
🇸🇪 Mongols · Sweden
1194
+14
🇯🇵 Persians · Japan
1187
+15
🇸🇪 Vikings · Sweden
1059
+20
🇨🇳 Poles · China
1057
+20
🇪🇸 Italians · Spain
1172
-18
🇫🇷 Saracens · France
1169
-18
🇹🇷 Spanish · Türkiye
1137
-17
🇺🇦 Berbers · Ukraine
1119
-16
sparttanez
15:49 Feudal Age
18:30 Double-Bit Axe
19:25 Fishing Lines
22:53 Loom
25:18 Castle Age
25:01 Wheelbarrow
24:21 Gold Mining
KKUSH-PANIER
5:59 Loom
13:31 Feudal Age
14:33 Double-Bit Axe
21:39 Castle Age
26:08 Crossbowman
27:20 Town Watch
28:06 Medium Warships
31:45 Fishing Lines
lalooaloonso
15:24 Feudal Age
15:48 Horse Collar
17:09 Loom
17:24 Fishing Lines
20:50 Castle Age
20:15 Stone Mining
23:33 Double-Bit Axe
25:46 Padded Archer Armor
29:56 Fletching
31:04 Ballistics
31:43 Thumb Ring
32:31 Bodkin Arrow
32:52 Leather Archer Armor
FALCON
7:20 Loom
17:01 Feudal Age
18:10 Fishing Lines
21:16 Castle Age
19:32 Stone Mining
19:30 Double-Bit Axe
21:44 Gold Mining
26:52 Imperial Age
24:37 Gillnets
30:32 Wheelbarrow
32:37 Conscription
33:55 Chemistry
33:16 Ballistics
33:02 Padded Archer Armor
32:52 Fletching
33:07 Devotion
Wavedash
12:10 Loom
16:02 Feudal Age
18:07 Scale Barding Armor
18:29 Fishing Lines
24:36 Forging
27:15 Castle Age
25:28 Horse Collar
26:03 Double-Bit Axe
27:23 Fletching
27:33 Padded Archer Armor
27:22 Light Cavalry
29:03 Iron Casting
28:48 Chain Barding Armor
28:51 Town Watch
30:36 Town Patrol
[RbF] Stickly
8:44 Loom
14:05 Feudal Age
18:20 Castle Age
16:33 Double-Bit Axe
19:27 Fletching
21:46 Wheelbarrow
21:24 Bow Saw
22:43 Wheelbarrow
22:36 Ballistics
22:25 Bodkin Arrow
30:37 Padded Archer Armor
30:54 Bloodlines
30:44 Husbandry
31:12 Horse Collar
jean_sibe
4:23 Loom
13:46 Feudal Age
14:27 Fishing Lines
16:35 Double-Bit Axe
21:23 Castle Age
20:56 Bloodlines
20:56 Horse Collar
21:10 Stone Mining
21:39 Town Watch
23:08 Gold Mining
28:18 Fletching
29:07 Scale Barding Armor
33:30 Imperial Age
32:39 Chain Barding Armor
33:04 Wheelbarrow
33:38 Bow Saw
月喵喵
15:06 Feudal Age
20:22 Castle Age
24:27 Redemption
24:43 Horse Collar
25:59 Wheelbarrow
25:45 Double-Bit Axe
26:04 Heavy Plow
27:42 Bloodlines
28:40 Loom
31:56 Husbandry
32:03 Szlachta Privileges
Connection lost

Rejoining the realm…

Still unreachable

The connection could not be restored.

Session expired

The server has moved on; the page needs a fresh start.